 Dungeon Crawl Stone Soup version 0.29-a0-925-g0a7a3d12f8 (webtiles) character file.

Game seed: 13476562770472708736

23214 Newt the Impaler (level 13, -3/104 HPs)
             Began as a Meteoran Gladiator on July 28, 2022.
             Was a High Priest of Elyvilon.
             Slain by a meliai
             ... wielding a +0 hand axe
              (8 damage)
             ... on level 14 of the Dungeon.
             The game lasted 00:34:46 (8415 turns).

Newt the Impaler (Meteoran Gladiator)               Turns: 8415, Time: 00:34:46

Health: -3/104     AC: 18    Str: 20    XL:     13   Next: 67%
Magic:  14/21      EV: 17    Int: 10    God:    Elyvilon [*****.]
Gold:   1851       SH:  5    Dex: 17    Spells: 22/22 levels left

rFire   . . .      SeeInvis +   x - +1 scythe (flame)
rCold   . . .      Faith    .   (shield currently unavailable)
rNeg    . . .      Spirit   .   D - +1 troll leather armour
rPois   .          Reflect  +   V - +1 helmet {SInv}
rElec   .          Harm     .   q - +0 cloak
rCorr   .          Rampage  ∞   M - +0 pair of gloves
Will    +....                   R - +3 pair of seven-league boots {Rampage+∞}
Stlth   +.........              K - amulet of reflection
HPRegen 1.07/turn               k - ring of see invisible
MPRegen 0.17/turn               N - +4 ring of protection

@: lethally poisoned (-3 -> -10), glowing
A: sense surroundings 2, otherworldly, glowing, explore regen, frail 1
a: Renounce Religion, Purification, Heal Other, Heal Self, Divine Vigour


You were on level 14 of the Dungeon.
You worshipped Elyvilon.
Elyvilon was extremely pleased with you.
You visited 4 branches of the dungeon, and saw 18 of its levels.

You collected 2009 gold pieces.
You spent 158 gold pieces at shops.

Inventory:

Hand Weapons
 a - a +0 quarterstaff
 x - a +1 scythe of flaming (weapon)
 z - a +1 short sword of venom
Missiles
 n - 10 poisoned darts (quivered)
 F - 22 boomerangs of dispersal
Armour
 b - a +0 leather armour
 c - a +0 helmet
 j - a +2 hat
 q - a +0 cloak (worn)
 u - a +2 leather armour of willpower
 D - a +1 troll leather armour (worn)
 M - a +0 pair of gloves (worn)
 P - +0 steam dragon scales
 R - the +3 pair of seven-league boots (worn) {Rampage+∞}
   (You acquired it on level 10 of the Dungeon)

   Its wearer moves as far as possible in that direction when moving towards
   enemies.
 V - a +1 helmet of see invisible (worn)
Jewellery
 k - a ring of see invisible (left hand)
 K - an amulet of reflection (around neck)
 N - a +4 ring of protection (right hand)
 O - an amulet of guardian spirit
 T - a ring of ice
 U - a ring of protection from cold
Wands
 v - a wand of iceblast (16)
 A - a wand of quicksilver (6)
 Q - a wand of digging (2)
 S - a wand of mindburst (14)
 X - a wand of paralysis (7)
 Z - a wand of flame (9)
Scrolls
 d - a scroll of identify
 g - 3 scrolls of amnesia
 h - a scroll of blinking {unknown}
 i - a scroll of noise {unknown}
 m - a scroll of torment {unknown}
 o - 3 scrolls of immolation
 r - a scroll of vulnerability {unknown}
 y - 2 scrolls of silence {unknown}
 G - a scroll of brand weapon {unknown}
 I - a scroll of enchant weapon {unknown}
 J - a scroll of butterflies {unknown}
 L - 4 scrolls of poison
Potions
 l - 2 potions of flight
 p - a potion of might
 s - 2 potions of lignification
 t - 3 potions of brilliance
 w - a potion of invisibility
 B - 2 potions of degeneration
 C - 3 potions of attraction
 E - 4 potions of curing
 H - a potion of berserk rage
 W - a potion of ambrosia {unknown}


   Skills:
 * Level 11.4 Fighting
 + Level 16.3(16.9) Polearms
 - Level 7.3(12.8) Staves
 - Level 2.4 Throwing
 + Level 4.5 Armour
 * Level 9.1 Dodging
 * Level 5.2 Spellcasting
 * Level 8.4 Invocations
 - Level 4.5 Evocations


You had 22 spell levels left.
You didn't know any spells.
Your spell library contained the following spells:

 Spells                   Type           Power      Damage    Failure   Level
 Magic Dart               Conj           8%         1d3       26%         1
 Gell's Gravitas          Tloc           2%         N/A       61%         3
 Lesser Beckoning         Tloc           2%         N/A       61%         3
 Teleport Other           Tloc           2%         N/A       61%         3
 Tukima's Dance           Hex            2%         N/A       61%         3
 Passage of Golubria      Tloc           2%         N/A       95%         4
 Yara's Violent Unravell  Hex/Tmut       1%         3d3       100%        5


Dungeon Overview and Level Annotations

Branches:
Dungeon (12/15) Zot: 982   Temple (0/1) D:6            Lair (3/5) D:10 Zot: 289
  Swamp (1/4) Lair:3 Zot: 587   Snake (1/4) Lair:2 Zot: 597
    Orc: D:9-12

Altars:
Dithmenos
Elyvilon
Okawaru
Sif Muna
Trog
Uskayaw
Xom
Yredelemnul

Shops:
D:3 [   D:4 *

Annotations:
Swamp:1 Nikola


Innate Abilities, Weirdness & Mutations

You passively map the area around you.
You are easily found by Zot.
You glow in the dark.
You regain HP and MP as you explore.
You are frail. (-10% HP)


Message History

* * * LOW HITPOINT WARNING * * *
The meliai stings you.
* * * LOW HITPOINT WARNING * * *
The meliai hits you but does no damage. The meliai completely misses you.
The meliai calls down the wrath of its god upon you.
Something smites you!
* * * LOW HITPOINT WARNING * * *
A boulder beetle comes into view.
The meliai hits you with a +0 hand axe.
* * * LOW HITPOINT WARNING * * *
The meliai stings you but does no damage.
You are healed.
The meliai hits you with a +0 hand axe. The meliai stings you!
* * * LOW HITPOINT WARNING * * *
You are poisoned.
The meliai poisons you! The meliai hits you but does no damage.
The meliai stings you but does no damage.
The meliai hits you but does no damage. The meliai closely misses you.
The meliai misses you. The meliai closely misses you.
The meliai hits you with a +0 hand axe!
* * * LOW HITPOINT WARNING * * *
The meliai misses you.
* * * LOW HITPOINT WARNING * * *
You feel very sick. The meliai hits you with a +0 hand axe.
* * * LOW HITPOINT WARNING * * *
You block the meliai's attack. The meliai hits you with a +0 hand axe.
* * * LOW HITPOINT WARNING * * *
The meliai barely misses you.
You are healed.
You feel very sick.
The meliai calls down the wrath of its god upon you.
Something smites you!
* * * LOW HITPOINT WARNING * * *
The meliai invokes the aid of its god against you.
Something smites you! Elyvilon protects you from harm!
The meliai hits you but does no damage. The meliai completely misses you.
The boulder beetle curls into a ball and begins rolling!
The meliai barely misses you. The meliai stings you!
You die...

≈ *
,#.............###..*
#.. , #.............#
#.,* #.. ≈
#.............# # #..
** ..#.............#
* #.. ,
..#..........^..# * *
#..
*.............<..# ,,
#.. *
...B............# , *
#., .#......y........
, *,, *,
#.....y@......###
,,,, #....By####...#
, , * , #......# ...#
* , , #......# ...# *
, , #......# ..# ,,
#......# ...# ,, *
,#......####...# , ,,
,, , #.............#
, , ,#.............#


You could see 2 boulder beetles and 3 meliai.

Vanquished Creatures
  A hydra (Lair:1)
  A boulder beetle (D:11)
  Fannar (Lair:2)
  5 two-headed ogres
  The ghost of wingedge the Skirmisher, a novice HuHu of Wu Jian (D:9)
  2 bog bodies (Lair:3)
  8 ugly things
  A manticore (D:14)
  2 cane toads
  A black mamba (Lair:2)
  A guardian serpent (Lair:2)
  2 gargoyles
  A torpor snail (Lair:1)
  2 komodo dragons (Lair:1)
  A rime drake (Lair:1)
  2 meliai (D:14)
  A troll (D:10)
  8 blink frogs
  Sigmund (D:4)
  A shadow (D:8)
  3 wraiths
  2 vampires
  A basilisk (D:14)
  10 yaks
  A wyvern (Lair:1)
  A steam dragon (D:10)
  11 water moccasins
  A naga (Lair:2)
  4 orc warriors
  An ice beast (D:5)
  4 black bears
  An ogre (D:6)
  3 wolves (Lair:1)
  2 centaurs
  4 kobold brigands
  A necrophage (D:6)
  6 bullfrogs
  A gnoll sergeant (D:7)
  12 wights
  12 killer bees
  2 howler monkeys
  An electric eel (Lair:1)
  3 hounds
  4 gnoll boudas
  6 orc priests
  2 iguanas
  5 orc wizards
  Robin (D:3)
  25 gnolls
  6 adders
  A shadow imp (D:6)
  2 white imps
  An ufetubus (D:5)
  4 worms
  3 dart slugs
  24 orcs
  5 endoplasms
  A giant cockroach (D:2)
  11 goblins
  5 hobgoblins
  2 jackals (D:3)
  3 quokkas
  4 ball pythons
  4 bats
  A frilled lizard (D:1)
  5 kobolds
  An orc zombie (D:4)
  3 rats
259 creatures vanquished.

Vanquished Creatures (others)
  4 foxfires (Swamp:1)
  43 fungi
  61 plants
108 creatures vanquished.

Grand Total: 367 creatures vanquished

Notes
Turn   | Place    | Note
-------+----------+-------------------------------------------
     0 | D:1      | Newt the Meteoran Gladiator began the quest for the Orb.
     0 | D:1      | Reached XP level 1. HP: 17/17 MP: 2/2
   178 | D:1      | Reached XP level 2. HP: 22/24 MP: 3/3
   288 | D:1      | Found a faded altar of an unknown god.
   296 | D:1      | Got Plato's Omnibus of Blasting
   297 | D:1      | Prayed at the altar of an unknown god.
   297 | D:1      | Became a worshipper of Elyvilon the Healer
   297 | D:1      | Reached * piety under Elyvilon
   394 | D:1      | Reached XP level 3. HP: 28/29 MP: 4/4
   498 | D:1      | Glimpsed the power of Zot.
   547 | D:1      | Glimpsed the power of Zot.
   675 | D:2      | Reached XP level 4. HP: 23/37 MP: 5/5
   780 | D:2      | Reached skill level 5 in Staves
   797 | D:2      | Reached ** piety under Elyvilon
  1074 | D:3      | Reached XP level 5. HP: 42/42 MP: 6/6
  1143 | D:3      | Reached skill level 1 in Evocations
  1391 | D:3      | Noticed Robin
  1413 | D:4      | Noticed a necrophage
  1711 | D:3      | Found a shadowy altar of Dithmenos.
  1821 | D:3      | Reached *** piety under Elyvilon
  1883 | D:3      | Killed Robin
  1888 | D:3      | Reached XP level 6. HP: 47/50 MP: 7/7
  1981 | D:3      | Found Ginokh's Antique Armour Boutique.
  1985 | D:3      | Bought a runed leather armour for 130 gold pieces
  2180 | D:4      | Found Massonnu's Assorted Antiques.
  2188 | D:4      | Bought a murky yellow potion for 28 gold pieces
  2227 | D:4      | Noticed Sigmund
  2250 | D:4      | Killed Sigmund
  2251 | D:4      | Reached skill level 1 in Armour
  2251 | D:4      | Reached XP level 7. HP: 43/57 MP: 8/8
  2293 | D:4      | Glimpsed the power of Zot.
  2343 | D:4      | Glimpsed the power of Zot.
  2369 | D:5      | Entered Level 5 of the Dungeon
  2410 | D:5      | Reached skill level 1 in Polearms
  2544 | D:5      | Reached **** piety under Elyvilon
  2724 | D:5      | Reached skill level 2 in Polearms
  2724 | D:5      | Reached XP level 8. HP: 19/66 MP: 9/9
  2841 | D:5      | Found a shimmering blue altar of Sif Muna.
  2898 | D:5      | Glimpsed the power of Zot.
  2904 | D:5      | Reached skill level 5 in Dodging
  2912 | D:5      | Reached skill level 3 in Polearms
  2946 | D:5      | Glimpsed the power of Zot.
  3017 | D:6      | Reached skill level 4 in Polearms
  3053 | D:6      | Reached skill level 5 in Polearms
  3376 | D:6      | Found a staircase to the Ecumenical Temple.
  3488 | D:6      | Glimpsed the power of Zot.
  3538 | D:6      | Glimpsed the power of Zot.
  3572 | D:7      | Reached skill level 6 in Polearms
  3572 | D:7      | Gained mutation: You passively map the area around you.
                  | [Meteoran growth]
  3572 | D:7      | Reached XP level 9. HP: 72/72 MP: 10/10
  3677 | D:7      | Reached skill level 7 in Polearms
  3680 | D:7      | Reached skill level 5 in Fighting
  3736 | D:7      | Found a bloodstained altar of Trog.
  3859 | D:7      | Reached ***** piety under Elyvilon
  4028 | D:7      | Reached skill level 8 in Polearms
  4135 | D:8      | Reached skill level 9 in Polearms
  4241 | D:8      | Found a basalt altar of Yredelemnul.
  4413 | D:8      | Reached XP level 10. HP: 83/83 MP: 11/11
  4472 | D:8      | Reached skill level 1 in Invocations
  4615 | D:8      | Gained mutation: You occasionally shout uncontrollably at
                  | your foes. [potion of mutation]
  4650 | D:8      | Reached skill level 10 in Polearms
  4686 | D:8      | Glimpsed the power of Zot.
  4736 | D:8      | Glimpsed the power of Zot.
  4881 | D:9      | Noticed a two-headed ogre
  4904 | D:9      | Killed a two-headed ogre
  4905 | D:9      | Reached skill level 11 in Polearms
  5110 | D:9      | Reached skill level 12 in Polearms
  5127 | D:9      | Lost mutation: You occasionally shout uncontrollably at
                  | your foes. [potion of mutation]
  5127 | D:9      | Gained mutation: You are frail. (-10% HP) [potion of
                  | mutation]
  5165 | D:9      | Found a runed translucent gate.
  5165 | D:9      | Found a runed translucent gate.
  5165 | D:9      | Found a runed translucent gate.
  5165 | D:9      | Noticed wingedge's ghost (novice HuHu)
  5210 | D:9      | Killed wingedge's ghost
  5211 | D:9      | Reached XP level 11. HP: 27/82 MP: 14/14
  5300 | D:9      | Glimpsed the power of Zot.
  5338 | D:10     | Entered Level 10 of the Dungeon
  5338 | D:10     | Noticed a two-headed ogre
  5349 | D:10     | Killed a two-headed ogre
  5398 | D:10     | Noticed a two-headed ogre
  5406 | D:10     | Killed a two-headed ogre
  5407 | D:10     | Reached skill level 13 in Polearms
  5645 | D:10     | Found a shimmering altar of Xom.
  5647 | D:10     | Found an iron altar of Okawaru.
  5788 | D:10     | Reached skill level 14 in Polearms
  5789 | D:10     | Identified 2 scrolls of acquirement
  5789 | D:10     | Acquired the +3 pair of seven-league boots {Rampage+∞}
  5789 | D:10     | Found the +3 pair of seven-league boots {Rampage+∞}
  5796 | D:10     | Acquired 1357 gold pieces
  5820 | D:10     | Reached skill level 5 in Invocations
  5832 | D:10     | Found a staircase to the Lair.
  5835 | D:10     | Noticed a two-headed ogre
  5841 | D:10     | Killed a two-headed ogre
  5921 | D:10     | Glimpsed the power of Zot.
  5953 | Lair:1   | Entered Level 1 of the Lair of Beasts
  6047 | Lair:1   | Noticed a four-headed hydra
  6048 | Lair:1   | Noticed a torpor snail
  6105 | Lair:1   | Reached XP level 12. HP: 92/92 MP: 17/17
  6200 | Lair:1   | Killed a one-headed hydra
  6201 | Lair:1   | Reached skill level 1 in Spellcasting
  6244 | Lair:1   | Reached skill level 15 in Polearms
  6462 | Lair:1   | Glimpsed the power of Zot.
  6512 | Lair:1   | Glimpsed the power of Zot.
  6527 | Lair:2   | Reached ****** piety under Elyvilon
  6551 | Lair:2   | Noticed a death yak
  6551 | Lair:2   | Noticed a death yak
  6552 | Lair:2   | Noticed a death yak
  6552 | Lair:2   | Noticed a death yak
  6868 | Lair:2   | Reached skill level 10 in Fighting
  6879 | Lair:2   | Found a staircase to the Snake Pit.
  6888 | Snake:1  | Entered Level 1 of the Snake Pit
  6888 | Snake:1  | Noticed a naga warrior
  6888 | Snake:1  | Noticed a naga warrior
  6889 | Snake:1  | Noticed a naga sharpshooter
  6973 | Lair:2   | Noticed Fannar
  6982 | Lair:2   | Killed Fannar
  7033 | Lair:3   | Noticed a bog body
  7067 | Lair:2   | Reached XP level 13. HP: 52/101 MP: 19/19
  7179 | Lair:3   | Found a staircase to the Swamp.
  7248 | Swamp:1  | Entered Level 1 of the Swamp
  7248 | Swamp:1  | Noticed Nikola
  7253 | Swamp:1  | Noticed an eleionoma
  7253 | Swamp:1  | Noticed a fenstrider witch
  7255 | Swamp:1  | HP: 3/102 [will-o-the-wisp/foxfire (19)]
  7394 | Lair:3   | Noticed a boulder beetle
  7513 | D:10     | Glimpsed the power of Zot.
  7557 | D:11     | Noticed a two-headed ogre
  7573 | D:11     | Killed a two-headed ogre
  7781 | D:11     | Found a hide-covered altar of Uskayaw.
  7913 | D:11     | Noticed a boulder beetle
  7928 | D:11     | Killed a boulder beetle
  7929 | D:11     | Reached skill level 16 in Polearms
  8074 | D:11     | Glimpsed the power of Zot.
  8156 | D:12     | Found a white marble altar of Elyvilon.
  8216 | D:12     | You fall into a shaft and drop 2 floors!
  8222 | D:14     | Noticed a boulder beetle
  8315 | D:14     | Reached skill level 5 in Spellcasting
  8412 | D:14     | Noticed a boulder beetle
  8414 | D:14     | HP: 1/104 [meliai/+0 hand axe (5)]
  8415 | D:14     | Elyvilon protects you from harm!
  8415 | D:14     | Slain by a meliai

Illustrated notes

Levels and vault maps discovered:
D:1:      dpeg_arrival_refuge, layout_loops_ring,
          shapermc_ecumenical_altar_rom_forum, feat_on_display
D:2:      layout_rooms, minmay_increasing_density
D:3:      layout_loops_ring, nicolae_dithmenos_through_a_glass_darkly,
          serial_shops, shop, uniq_robin
D:4:      layout_basic, serial_shops, nicolae_shop_crystal, enter_ossuary_3,
          grunt_ministairs_1, uniq_sigmund
D:5:      layout_loops_ring, led_sif_pool, mainiacjoe_overflow_swirl,
          gup_sewer_entry_bubbles, nicolae_shop_gadgets
D:6:      minmay_cornered_nines, layout_basic, makhleb_heckhound_becter,
          minmay_temple_entry_statues, chequers_serial_rivers_small_a
D:7:      layout_loops_ring, bloody_trog, enter_bailey_3,
          minmay_unpleasant_kobolds
D:8:      layout_basic, lemuel_tele_altar, tso_metal_star,
          mainiacjoe_overflow_brackets, amcnicky_altar_gilded
D:9:      layout_basic, cheibriados_altar_1, ebering_ghost_rock_garden,
          kennysheep_windowed_goal
D:10:     layout_stronghold, general_overflow_altar, okawaru_metal_pillars_1_2,
          due_lair_maze_entry_diamond, serial_glass, glass_columns_c,
          glass_columns_b, glass_columns_c, glass_columns_a, glass_columns_a,
          glass_columns_b
D:11:     layout_loops_corners, nicolae_uskayaw_en_pointe
D:12:     layout_loops_corners, erik_orc_4, elyvilon_altar_5
D:14:     layout_long_grid, grunt_vaults_entry_fortified, serial_park_square3
          [serial_park_minivault_5x5_6]
Lair:1:   layout_misc_corridors, minivault_23, chequers_serial_rivers_room_a,
          st_stairs_9, nicolae_quartered_pool_impasse, wad_woods_river_04
Lair:2:   layout_chaotic_city, minmay_snake_entry_spellcaster,
          lemuel_fruit_fields, uniq_fannar
Lair:3:   layout_chaotic_city, skrybe_swamp_entry_bodies, serial_bayou_pond_a,
          infiniplex_staircase_pool
Swamp:1:  layout_falls_marsh, nicolae_swamp_feature_on_the_river_bank,
          uniq_jorgrun, uniq_nikola
Snake:1:  gammafunk_sealed_library, layout_onion, hangedman_snake_corridor_cut

Skill      XL: |  1  2  3  4  5  6  7  8  9 10 11 12 13 |
---------------+----------------------------------------+-----
Staves         | 4 5 6 7 |  7.3
Dodging        | 4 5 6 7 9 |  9.1
Evocations     | 1 2 3 4 |  4.5
Fighting       | 3 4 5 7 8 10 11 | 11.4
Armour         | 1 2 3 4 |  4.5
Polearms       | 2 6 9 12 14 15 16 | 16.3
Invocations    | 3 5 6 8 |  8.4
Spellcasting   | 3 5 |  5.2
Throwing       | |  2.4

Action                   |  1- 3 |  4- 6 |  7- 9 | 10-12 | 13-15 || total
-------------------------+-------+-------+-------+-------+-------++-------
Melee: Quarterstaff      |    56 |   158 |       |       |       ||   214
       Halberd           |       |       |   233 |   501 |   154 ||   888
Throw: Dart              |       |     3 |       |    11 |     7 ||    21
       Throwing net      |       |     1 |     1 |     4 |     1 ||     7
       Javelin           |       |       |       |       |     1 ||     1
Invok: Heal Self         |       |       |       |       |    12 ||    12
       Divine Vigour     |       |       |       |       |     1 ||     1
  Use: Scroll            |       |     8 |     4 |     9 |     3 ||    24
       Potion            |       |     1 |     3 |     4 |     2 ||    10
 Stab: Held in net/web   |       |       |       |     1 |       ||     1
Armor: Leather armour    |    35 |    57 |    67 |    58 |       ||   217
       Troll leather arm |       |       |       |    88 |    57 ||   145
Dodge: Dodged            |    48 |    81 |   124 |   213 |    91 ||   557
Block: Other             |       |       |    16 |    83 |    29 ||   128

Table legend: (Time is in decaauts)
 A = Elapsed time spent in this place.
 B = Non-inter-level travel time spent in this place.
 C = Inter-level travel time spent in this place.
 D = Time resting spent in this place.
 E = Time spent auto-exploring this place.
 F = Levels seen in this place.
 G = Mean time per level.
                   A        B        C        D        E       F      G
               +--------+--------+--------+--------+--------+-----+--------+
         Total |   8342 |   8103 |    239 |   1565 |   3474 |  18 |  463.4 |
       Dungeon |   6817 |   6653 |    164 |   1317 |   3172 |  13 |  524.4 |
          Lair |   1510 |   1435 |     75 |    248 |    302 |   3 |  503.3 |
         Swamp |     12 |     12 |      0 |      0 |      0 |   1 |   12.0 |
     Snake Pit |      2 |      2 |      0 |      0 |      0 |   1 |    2.0 |
               +--------+--------+--------+--------+--------+-----+--------+

Top non-repeatable levels by time:
     D:3: 1081 daAuts
  Lair:1: 766 daAuts
     D:8: 667 daAuts
    D:10: 626 daAuts
     D:5: 608 daAuts
    D:11: 591 daAuts
     D:9: 570 daAuts
     D:6: 566 daAuts
     D:1: 550 daAuts
     D:7: 546 daAuts
     D:2: 458 daAuts
  Lair:2: 392 daAuts
  Lair:3: 351 daAuts
     D:4: 285 daAuts
    D:14: 181 daAuts
